Map: Prion Terraces

Players

ILLBdA - Winner!

  • Race: Protoss Protoss
  • League: Diamond

간장치킨

  • Race: Terran Terran
  • League: Diamond

VOD

Have the link to the VOD?

Description

Time

  • Played on: Dec. 31, 2015, 11:17 a.m.
  • Length: 36:39
Show
View Real Time Build Order
Export as new Build Order

ILLBdA Protoss - Winner!

Build Orders: 1 Gate Expand, Blink Stalkers 

Get SALT Encoding   

  12  0:01  Probe (Chrono Boost)  
  13  0:11  Probe (Chrono Boost)  
  14  0:17  Pylon  
  14  0:22  Probe (Chrono Boost)  
  15  0:36  Probe (Chrono Boost)  
  15  0:37  Gateway  
  15  0:41  Assimilator  
  16  0:46  Probe (Chrono Boost)  
  18  0:57  Probe (Chrono Boost)  
  18  1:07  Probe (Chrono Boost)  
  19  1:20  Nexus  
  19  1:30  Cybernetics Core  
  19  1:33  Probe (Chrono Boost)  
  20  1:44  Probe (Chrono Boost)  
  20  1:45  Assimilator  
  21  1:49  Pylon  
  21  1:54  Probe (Chrono Boost)  
  22  2:05  Probe (Chrono Boost)  
  22  2:08  Adept (Chrono Boost)  
  22  2:10  Warp Gate  
  26  2:22  Mothership Core (Chrono Boost)  
  26  2:33  Probe (Chrono Boost)  
  27  2:42  Probe (Chrono Boost)  
  29  2:44  Probe (Chrono Boost)  
  29  2:52  Probe (Chrono Boost), Robotics Facility  
  29  2:55  Probe (Chrono Boost)  
  31  3:01  Adept  
  31  3:03  Probe (Chrono Boost)  
  31  3:05  Probe (Chrono Boost)  
  35  3:13  Probe (Chrono Boost)  
  35  3:16  Probe (Chrono Boost)  
  35  3:19  Twilight Council  
  37  3:24  Probe (Chrono Boost)  
  37  3:26  Probe (Chrono Boost)  
  39  3:30  Stalker  
  41  3:34  Probe (Chrono Boost)  
  41  3:37  Probe (Chrono Boost)  
  41  3:40  Observer  
  44  3:42  Pylon  
  44  3:45  Probe (Chrono Boost)  
  45  3:53  Gateway  
  45  3:55  Gateway  
  45  3:59  Blink (Chrono Boost)  
  45  4:08  Assimilator x2  
  45  4:10  Probe  
  45  4:12  Observer  
  45  4:14  Probe, Zealot  
  50  4:21  Pylon  
  50  4:22  Probe  
  51  4:25  Probe  
  52  4:33  Warp Prism  
  52  4:38  Probe  
  54  4:40  Probe  
  54  4:45  Pylon  
  56  4:50  Adept  
  56  4:51  Adept x2  
  62  4:53  Pylon  
  62  5:03  Probe  
  63  5:07  Robotics Bay  
  63  5:12  Probe  
  64  5:15  Probe  
  64  5:19  Stalker x2  
  64  5:20  Stalker  
  71  5:22  Probe  
  71  5:23  Observer  
  71  5:27  Probe  
  74  5:29  Pylon  
  74  5:33  Probe  
  75  5:42  Nexus  
  75  5:57  Disruptor (Chrono Boost)  
  78  6:10  Probe  
  79  6:13  Pylon  
  79  6:15  Gateway  
  79  6:17  Gateway  
  79  6:19  Gateway  
  79  6:26  Stalker x2  
  79  6:27  Stalker  
  79  6:32  Disruptor (Chrono Boost)  
  88  6:34  Probe  
  88  6:35  Probe  
  90  6:42  Pylon  
  90  6:44  Probe  
  91  6:47  Probe  
  92  6:55  Probe  
  92  6:57  Stalker x3  
  92  6:58  Probe  
  92  6:59  Probe  
  101  7:03  Disruptor (Chrono Boost)  
  101  7:06  Forge  
  101  7:08  Probe x2  
  104  7:14  Stalker x3  
  112  7:23  Assimilator  
  112  7:24  Assimilator  
  112  7:28  Pylon  
  112  7:29  Probe  
  113  7:34  Gravitic Drive  
  113  7:36  Disruptor  
  116  7:38  Protoss Ground Armor Level 1 (Chrono Boost)  
  115  7:56  Robotics Facility  
  115  7:58  Gateway  
  115  7:59  Gateway  
  115  8:02  Gateway  
  115  8:04  Dark Shrine  
  115  8:05  Photon Cannon  
  115  8:07  Photon Cannon  
  115  8:13  Stalker x5  
  125  8:20  Pylon  
  125  8:26  Observer  
  123  8:34  Stalker  
  123  8:40  Probe x2  
  123  8:41  Probe  
  127  8:47  Disruptor  
  131  8:52  Probe  
  131  8:54  Probe  
  133  9:04  Observer Gravitic Boosters (Chrono Boost)  
  133  9:07  Pylon  
  133  9:11  Pylon  
  133  9:13  Pylon  
  133  9:17  Photon Cannon  
  133  9:21  Gateway x2  
  133  9:24  Gateway  
  133  9:25  Disruptor x2  
  133  9:29  Stalker  
  141  9:36  Stalker  
  141  9:37  Stalker x2  
  147  9:42  Stalker x3  
  149  9:45  Protoss Ground Armor Level 2 (Chrono Boost)  
  145  10:00  Disruptor x2  
  151  10:18  Stargate  
  151  10:19  Nexus  
  151  10:20  Probe  
  151  10:21  Pylon  
  152  10:23  Stargate  
  152  10:24  Pylon x2  
  152  10:30  Pylon  
  152  10:31  Pylon  
  152  10:36  Warp Prism  
  152  10:39  Pylon  
  152  10:40  Stalker x4  
  152  10:41  Stalker  
  164  10:44  Dark Templar  
  166  10:52  Dark Templar  
  168  11:01  Extended Thermal Lance (Chrono Boost)  
  168  11:02  Probe  
  169  11:09  Dark Templar x2  
  173  11:21  Disruptor  
  176  11:28  Fleet Beacon  
  172  11:36  Probe  
  173  11:46  Gateway x2, Dark Templar  
  175  11:51  Gateway  
  175  11:52  Gateway, Disruptor  
  178  12:00  Probe  
  179  12:02  Pylon  
  180  12:08  Probe  
  180  12:11  Gateway  
  180  12:13  Gateway  
  180  12:15  Gateway  
  180  12:16  Gateway  
  180  12:19  Dark Templar, Assimilator  
  180  12:22  Assimilator  
  182  12:26  Dark Templar x2  
  182  12:32  Tempest  
  186  12:43  Tempest  
  186  12:53  Stalker x4  
  186  12:57  Probe  
  195  13:29  Tempest  
  197  13:36  Probe  
  198  13:43  Photon Cannon  
  198  13:45  Probe  
  198  13:46  Photon Cannon  
  199  13:48  Photon Cannon  
  185  14:10  Tempest  
  185  14:12  Stalker, Tempest  
  185  14:13  Stalker x4  
  156  14:53  Tempest  
  156  14:55  Tempest  
  161  15:02  Stalker x5  
  161  15:03  Stalker x4  
  161  15:04  Stalker x2  
  183  15:09  Probe  
  184  15:22  Nexus, Disruptor, Pylon  
  184  15:26  Stalker x3  
  193  15:36  Pylon, Void Ray  
  193  15:41  Dark Templar  
  198  15:59  Probe  
  197  16:25  Assimilator  
  197  16:26  Assimilator  
  197  16:27  Pylon  
  197  16:34  Templar Archives  
  197  16:35  Stargate  
  197  16:48  Stargate  
  197  16:49  Stargate  
  191  17:01  Probe  
  192  17:08  Psionic Storm  
  192  17:09  Photon Cannon x2  
  192  17:13  Probe  
  193  17:20  Photon Cannon  
  193  17:22  Photon Cannon  
  193  17:23  Photon Cannon  
  193  17:24  Photon Cannon  
  193  17:25  Tempest  
  193  17:26  Photon Cannon  
  197  17:39  Probe  
  198  17:46  Nexus  
  198  17:47  Pylon  
  194  18:00  Stalker x3  
  200  18:08  Photon Cannon  
  200  18:10  Photon Cannon  
  200  18:11  Photon Cannon  
  200  18:14  Photon Cannon  
  200  18:40  Photon Cannon  
  200  18:42  Pylon  
  200  18:43  Photon Cannon  
  200  18:44  Pylon  
  200  18:47  Pylon  
  200  18:51  Pylon  
  200  18:54  Pylon  
  196  18:56  Pylon  
  196  18:57  Dark Templar x4  
  196  19:00  Pylon  
  195  19:05  Pylon  
  195  19:06  Dark Templar x2  
  197  19:18  Archon x3  
  171  20:00  Tempest (Chrono Boost)  
  171  20:01  Tempest (Chrono Boost)  
  171  20:02  Stalker  
  171  20:03  Stalker x2, Tempest (Chrono Boost)  
  171  20:04  Tempest x2 (Chrono Boost)  
  197  20:09  Pylon  
  197  20:12  Pylon  
  197  20:14  Pylon  
  197  20:17  Pylon  
  197  20:23  Nexus, Pylon  
  197  20:24  Photon Cannon  
  197  20:27  Photon Cannon  
  197  20:30  Photon Cannon  
  197  20:31  Photon Cannon  
  197  20:34  Tempest  
  197  20:35  Photon Cannon  
  193  20:39  Photon Cannon  
  193  20:41  Tempest  
  197  21:00  Tempest  
  197  21:11  Probe  
  198  21:20  Probe  
  198  21:23  Nexus  
  198  21:24  Pylon  
  199  21:29  Pylon  
  199  21:39  Assimilator  
  199  21:43  Assimilator  
  199  21:47  Stargate  
  199  21:48  Stargate  
  199  21:49  Pylon  
  198  22:03  Probe  
  198  22:04  Probe  
  198  22:08  Photon Cannon x2  
  200  22:10  Photon Cannon  
  200  22:12  Photon Cannon  
  200  22:14  Photon Cannon  
  200  22:17  Photon Cannon  
  200  22:20  Protoss Ground Armor Level 3 (Chrono Boost)  
  200  22:21  Pylon  
  200  22:26  Forge  
  200  22:28  Protoss Air Weapons Level 1  
  200  22:33  Cybernetics Core  
  200  23:10  Pylon  
  200  23:13  Pylon  
  200  23:15  Pylon  
  200  23:16  Pylon x2  
  200  23:26  Tempest  
  194  23:27  Tempest  
  182  23:34  Tempest  
  182  23:35  Tempest  
  190  23:49  High Templar  
  190  23:50  High Templar x2  
  190  23:53  Archon  
  190  23:55  High Templar  
  198  23:56  High Templar  
  198  24:00  Archon  
  196  25:07  Tempest x3  
  192  25:15  Observer  
  192  25:19  Dark Templar x3  
  193  25:48  Tempest  
  196  26:01  Tempest  
  200  26:25  Assimilator x2  
  200  26:28  Pylon  
  200  26:43  Nexus  
  200  26:49  Pylon, Assimilator  
  200  27:08  Oracle  
  196  27:10  Probe  
  192  27:28  Tempest x3  
  197  27:45  Probe  
  198  28:02  Nexus, Warp Prism  
  198  28:05  Assimilator  
  200  28:10  Assimilator  
  197  28:12  Pylon  
  197  28:24  Protoss Ground Weapons Level 1  
  197  28:28  Protoss Shields Level 1  
  197  28:30  Protoss Air Weapons Level 2 (Chrono Boost)  
  197  28:32  Protoss Air Armor Level 1 (Chrono Boost)  
  197  28:37  Pylon  
  197  28:41  Stargate  
  197  28:43  Stargate  
  197  28:46  Stargate  
  197  28:48  Probe  
  198  28:49  Stargate, Assimilator  
  198  28:59  Probe  
  199  29:04  Stargate  
  199  29:06  Stargate  
  199  29:08  Stargate  
  199  29:24  Probe  
  195  29:34  Stalker x3  
  195  29:38  Stalker  
  179  29:39  Stalker  
  179  29:40  High Templar x2  
  179  29:41  High Templar x2  
  179  29:42  Tempest x2  
  197  29:46  Probe  
  197  29:50  Probe  
  199  29:56  Probe  
  200  30:05  Nexus  
  188  30:09  Tempest x2, Photon Cannon  
  188  30:10  Photon Cannon  
  188  30:12  Probe, Photon Cannon  
  188  30:13  Probe, Pylon  
  198  30:34  Probe x2  
  200  30:36  Protoss Air Armor Level 2 (Chrono Boost)  
  200  30:38  Protoss Ground Weapons Level 2  
  200  30:40  Protoss Air Weapons Level 3 (Chrono Boost)  
  199  30:43  Photon Cannon  
  199  30:44  Probe, Photon Cannon  
  199  30:46  Probe  
  196  30:50  Dark Templar  
  198  30:57  Probe  
  195  31:24  Tempest  
  193  31:50  Tempest  
  182  31:56  High Templar x4  
  182  31:57  High Templar x2  
  182  31:58  Tempest  
  199  32:01  Probe  
  199  32:08  Probe  
  200  32:11  Pylon  
  200  32:15  Pylon  
  200  32:18  Photon Cannon  
  200  32:20  Photon Cannon  
  200  32:22  Archon x2  
  200  32:23  Archon  
  200  32:47  Gateway  
  200  32:48  Gateway  
  198  33:08  Gateway  
  198  33:12  Pylon x2  
  198  33:15  Probe  
  199  33:25  Probe  
  200  33:32  Pylon x2  
  200  33:35  Photon Cannon  
  200  33:36  Photon Cannon  
  200  33:38  Photon Cannon  
  200  33:39  Photon Cannon  
  200  33:40  Pylon  
  200  33:42  Pylon  
  200  33:44  Pylon  
  200  33:45  Pylon  
  200  33:47  Stargate  
  200  33:48  Pylon, Stargate  
  200  33:51  Stargate  
  200  34:07  Tempest x3  
  200  34:09  Stalker  
  183  34:10  Stalker x7  
  183  34:11  Stalker  
  183  34:15  Stalker  
  183  34:16  Stalker x5  
  189  34:25  Tempest  
  193  34:32  Tempest  
  193  34:33  High Templar  
  191  34:50  Tempest  
  197  34:57  Tempest  
  197  34:59  High Templar x3  
  188  35:00  Tempest x3  
  188  35:06  High Templar x2  
  200  35:34  Dark Templar  
  200  35:48  Stalker x4  
  200  35:50  Stalker x4  
  188  36:08  Archon x2  
Show
View Real Time Build Order
Export as new Build Order

간장치킨 Terran 

Build Orders: Reaper Expand, Bio Tank, MMM Bio 

Get SALT Encoding   

  12  0:00  SCV  
  13  0:12  SCV  
  14  0:18  Supply Depot  
  14  0:25  SCV  
  15  0:40  SCV  
  15  0:41  Barracks  
  16  0:45  Refinery  
  16  0:52  SCV  
  17  1:04  SCV  
  18  1:16  SCV  
  19  1:27  Command Center  
  19  1:31  Reaper  
  20  1:41  Orbital Command  
  20  2:02  Supply Depot  
  20  2:09  SCV  
  20  2:15  Factory  
  21  2:19  Refinery  
  21  2:22  SCV  
  22  2:24  Barracks Reactor  
  22  2:29  Bunker  
  22  2:34  SCV  
  23  2:41  Orbital Command  
  23  2:49  SCV  
  24  2:58  Factory Tech Lab  
  24  2:59  Marine  
  24  3:00  Marine  
  24  3:04  SCV  
  27  3:12  Command Center  
  27  3:21  Marine x2  
  27  3:25  Cyclone  
  32  3:28  SCV  
  32  3:29  SCV  
  34  3:35  Supply Depot  
  34  3:39  Engineering Bay  
  34  3:42  Marine x2  
  36  3:54  SCV  
  36  3:55  SCV  
  38  3:57  Cyclone  
  41  4:04  Supply Depot, Marine x2  
  43  4:10  Barracks  
  43  4:16  SCV  
  45  4:17  SCV  
  45  4:24  Orbital Command  
  45  4:27  Marine x2  
  47  4:33  Starport  
  47  4:39  SCV x2  
  47  4:43  Missile Turret  
  47  4:44  Siege Tank  
  52  4:49  Marine x2  
  52  4:51  SCV  
  52  4:52  SCV  
  56  4:56  Terran Infantry Weapons Level 1  
  56  4:57  Barracks Tech Lab  
  56  5:07  SCV  
  56  5:08  SCV, Barracks  
  58  5:17  SCV  
  58  5:19  Missile Turret  
  58  5:20  SCV, Siege Tank  
  63  5:21  Marine x2  
  63  5:26  Stimpack  
  65  5:32  Refinery  
  65  5:33  Refinery  
  65  5:35  Marauder  
  67  5:46  Supply Depot  
  67  5:49  Marine x2  
  69  5:54  Starport Reactor  
  69  5:56  Barracks Tech Lab, Marauder  
  70  6:01  SCV x3  
  73  6:14  Siege Tank, Barracks  
  73  6:15  Marine  
  73  6:16  Barracks  
  73  6:17  Barracks  
  77  6:26  Marauder  
  77  6:27  Missile Turret  
  77  6:28  Supply Depot  
  77  6:31  Orbital Command  
  79  6:33  Combat Shields  
  79  6:44  Medivac  
  81  6:50  Terran Infantry Armor Level 1  
  81  6:53  Marauder  
  83  6:54  Medivac  
  83  6:56  SCV  
  83  7:00  SCV x2  
  88  7:04  Barracks Reactor x2  
  88  7:05  Barracks Tech Lab  
  90  7:08  Marauder  
  90  7:09  SCV, Refinery, Marine x2  
  90  7:13  Refinery  
  93  7:19  Supply Depot  
  93  7:20  Supply Depot, Missile Turret  
  93  7:21  Supply Depot  
  93  7:23  Missile Turret  
  93  7:28  Missile Turret  
  93  7:39  Armory  
  93  7:41  SCV x3, Engineering Bay, Marauder  
  98  7:55  Marine x3  
  98  7:56  Marine x2, Concussive Shells, Marauder x2  
  98  7:58  SCV x2  
  108  8:00  SCV  
  108  8:03  Marauder  
  112  8:19  Marine  
  112  8:20  Marauder, Marine x2  
  112  8:26  Marine  
  117  8:27  Marine  
  117  8:28  SCV  
  117  8:29  SCV  
  117  8:30  Marauder x2  
  107  8:35  Terran Infantry Weapons Level 2  
  107  8:37  SCV  
  107  8:40  SCV  
  107  8:41  Medivac  
  107  8:42  Marauder, Medivac  
  107  8:43  Marine x2  
  115  8:56  Terran Infantry Armor Level 2  
  115  8:58  SCV x2  
  117  9:03  Supply Depot  
  117  9:07  Liberator x2  
  117  9:10  Command Center  
  117  9:24  SCV  
  123  9:32  Marine x2  
  123  9:37  Supply Depot  
  125  9:38  Supply Depot  
  125  9:41  Supply Depot  
  125  9:51  Liberator x2  
  125  9:59  SCV, Marauder x3, Marine  
  133  10:00  SCV, Siege Tank  
  133  10:06  Marine x3  
  146  10:20  Marauder  
  148  10:22  Orbital Command, Marauder  
  148  10:25  Missile Turret  
  148  10:27  Sensor Tower  
  150  10:33  Marine x3  
  150  10:34  Marauder  
  150  10:35  Siege Tank, Marine  
  157  10:36  Marine  
  159  10:49  Marine x2  
  163  10:50  Marauder  
  163  10:55  Factory  
  163  10:56  Factory x2  
  163  11:05  Terran Vehicle Weapons Level 1  
  163  11:06  Terran Infantry Weapons Level 3  
  163  11:07  Marine  
  164  11:13  Marauder, Medivac x2, Terran Infantry Armor Level 3, Marine x2  
  164  11:14  Marine x2  
  164  11:15  Marauder x2  
  178  11:25  Siege Tank  
  179  11:35  Missile Turret  
  179  11:40  Refinery  
  179  11:41  Refinery  
  179  11:42  Factory Tech Lab x3  
  179  11:51  Factory  
  179  12:07  Marine  
  180  12:20  Marine x2  
  180  12:23  Marauder  
  180  12:25  Marauder  
  180  12:26  Marine x3  
  180  12:28  Medivac  
  180  12:33  Medivac  
  179  12:38  Siege Tank  
  179  12:41  Marine, Marauder  
  179  12:42  Marine, Infernal Pre-Igniter  
  179  12:45  Marauder  
  179  12:47  Armory  
  179  12:49  Marauder  
  180  13:04  Factory Reactor  
  180  13:18  Marine  
  180  13:19  Marauder  
  180  13:23  Marine x3  
  180  13:25  Medivac, Marine  
  180  13:46  Marauder  
  180  13:47  Marine  
  180  13:49  Marauder x2  
  180  13:50  Building Armor  
  180  13:53  Medivac  
  180  13:54  Cyclone  
  180  13:55  Starport  
  179  13:58  Siege Tank x3  
  161  14:06  Marine x4  
  161  14:07  Marine x2  
  161  14:08  Marauder  
  149  14:11  Marauder x2  
  136  14:23  Marine  
  136  14:24  Marine x4  
  138  14:25  Viking x2  
  138  14:29  Hellion x2, Marauder  
  138  14:30  Thor x2, Siege Tank  
  166  14:32  Marauder x2  
  150  14:40  Marine  
  150  14:41  Marine  
  143  14:50  Marauder, Starport Reactor  
  143  14:52  Marine x3  
  133  14:53  Marauder  
  133  14:54  Marauder  
  133  14:55  Viking x2  
  141  15:02  Thor  
  147  15:11  Marine x2  
  147  15:12  Marauder  
  147  15:13  Thor  
  157  15:14  Liberator x2  
  157  15:15  Missile Turret, Marauder  
  159  15:25  Viking x2  
  159  15:26  Marine x3  
  159  15:27  Marauder  
  168  15:29  Siege Tank  
  168  15:30  Siege Tank  
  180  15:45  Missile Turret  
  180  15:52  Terran Vehicle Weapons Level 2  
  180  15:54  Terran Vehicle And Ship Armor Level 1  
  180  16:23  Command Center  
  180  16:34  Fusion Core  
  179  16:55  Marauder  
  179  16:56  Viking  
  179  16:57  Viking, Marine x3  
  179  16:58  Marine x2  
  179  16:59  Marauder  
  179  17:01  Marauder  
  178  17:06  Medivac x2  
  179  17:08  SCV x2  
  180  17:18  Liberator  
  180  17:19  Liberator  
  180  17:34  Planetary Fortress, Viking x2, Marauder  
  180  17:36  Missile Turret, Marine x2  
  194  17:40  Starport  
  194  17:49  Marine, Marauder  
  195  17:52  Marine  
  194  18:06  Refinery  
  194  18:08  Refinery  
  194  18:18  Starport  
  194  18:22  Siege Tank  
  195  18:37  Liberator  
  195  18:39  Liberator  
  194  18:53  Marauder  
  194  18:54  Siege Tank  
  184  19:05  Siege Tank x2  
  184  19:07  Viking, Siege Tank  
  184  19:08  Viking  
  188  19:15  Starport Tech Lab x2  
  167  19:26  Siege Tank  
  167  19:34  Command Center  
  167  19:36  Raven  
  163  19:38  Command Center  
  152  19:58  Viking  
  143  20:04  Marine x6  
  143  20:05  Marine x3  
  151  20:21  Viking x2  
  155  20:22  Marine x6  
  157  20:59  Marine x3  
  157  21:00  Marauder, Raven, Orbital Command  
  156  21:12  Refinery  
  156  21:14  Refinery  
  156  21:16  Refinery  
  156  21:27  Hellion x2  
  156  21:28  Siege Tank  
  161  21:48  Hellion  
  161  21:49  Hellion  
  165  21:57  Planetary Fortress  
  165  22:05  Viking x2  
  169  22:10  Hellion x2  
  173  22:17  Command Center  
  173  22:20  Command Center  
  173  22:21  Terran Vehicle Weapons Level 3  
  173  22:31  Hellion x2  
  177  22:40  SCV x2  
  177  22:41  SCV, Planetary Fortress  
  178  22:45  Missile Turret  
  178  22:52  Widow Mine  
  178  22:53  Hellion  
  180  23:02  Missile Turret  
  180  23:05  Missile Turret  
  178  23:13  Widow Mine  
  173  23:23  Missile Turret  
  173  23:24  Missile Turret  
  162  23:32  Siege Tank x3  
  158  23:39  Viking x2  
  150  23:43  Missile Turret  
  150  23:57  Viking x2  
  150  24:01  Viking  
  150  24:02  Viking  
  158  24:08  SCV x2  
  158  24:09  Viking  
  162  24:18  Missile Turret  
  161  24:34  Orbital Command  
  161  24:35  Orbital Command  
  161  24:44  Viking x2  
  165  24:46  Viking  
  146  25:11  Siege Tank  
  146  25:12  Siege Tank x2  
  146  25:14  Viking x3  
  154  25:15  Viking  
  160  25:26  Terran Vehicle And Ship Armor Level 2, Terran Ship Weapons Level 1  
  160  25:37  Hellion x2, Siege Tank  
  162  25:51  Sensor Tower  
  160  26:05  Viking x2  
  160  26:06  Viking  
  160  26:07  Viking  
  171  26:18  Cyclone x2  
  174  26:30  Missile Turret  
  174  26:35  Missile Turret  
  174  27:02  Viking x2  
  174  27:03  Viking x2  
  174  27:06  Battlecruiser  
  166  27:37  Viking x2  
  166  27:38  Viking x2  
  166  27:43  Thor, Siege Tank  
  183  27:44  Hellion  
  183  27:45  Hellion  
  183  27:49  Terran Ship Weapons Level 2  
  187  28:14  Battlecruiser  
  190  28:31  Terran Vehicle And Ship Armor Level 3  
  192  28:48  Hellion  
  192  28:49  Hellion  
  170  29:42  Viking x2  
  170  29:43  Viking x2  
  162  29:51  Starport  
  162  29:53  Starport  
  162  29:59  Siege Tank x2  
  168  30:00  Hellion x2  
  168  30:01  Cyclone  
  181  30:07  Battlecruiser  
  181  30:16  Weapon Refit  
  181  30:38  Terran Ship Weapons Level 3  
  181  30:42  Orbital Command  
  179  31:11  Starport Tech Lab, Starport Reactor  
  173  31:12  Battlecruiser  
  173  31:13  Battlecruiser, Viking  
  173  31:14  Viking  
  185  31:24  Command Center  
  166  31:55  Viking x3  
  166  31:56  Viking  
  166  31:57  Battlecruiser  
  180  32:23  Sensor Tower  
  179  32:41  Viking x2  
  179  32:42  Battlecruiser x2  
  179  32:44  Viking  
  197  33:11  Missile Turret  
  197  33:27  Siege Tank  
  172  34:14  Viking x4  
  152  34:27  Refinery  
  152  34:28  Refinery  
  152  34:42  Viking x2  
  141  35:25  Refinery  
  141  35:27  Refinery  
  141  35:36  Command Center  
Tags
 
Add a new tag
Caveats
  • Supply blocks, unpowered buildings, or Contaminate may cause inaccurate times.
  • Supply counts are checked every 10 seconds.